General information
- name: BNet
- type: Ladder team game (AT/RT)
- host: Battle.net
- saver: boli
map: HurricaneIsle
- players: 8
- length: 41:20
- speed: Fast
- version: 1.24 W3XP
- replay type: Public
» download(395 KB)
Players
team 1 (winner)

»
boli (
purple | 70 APM | 2887 actions | 41:20)
6 Death Knight
3 Death Coil
3 Unholy Aura
5 Dark Ranger
3 Silence
2 Black Arrow
5 Dreadlord
2 Sleep
3 Carrion Swarm
» actions
| Assign group hotkey | 9 | |
| Basic commands | 138 | |
| Build / train | 99 | |
| ESC pressed | 7 | |
| Enter build submenu | 32 | |
| Enter hero's abilities submenu | 16 | |
| Give item / drop item | 3 | |
| Remove unit from queue | 1 | |
| Right click | 1388 | |
| Select / deselect | 588 | |
| Select group hotkey | 404 | |
| Use ability | 202 | |
2887 total
» units
| Acolyte | 17 | |
| Ghoul | 6 | |
| Goblin Shredder | 2 | |
| Goblin Zeppelin | 8 | |
| Banshee | 10 | |
| Frost Wyrm | 6 | |
| Necromancer | 1 | |
50 total
» upgrades
| Banshee Training | 2 | |
| Creature Attack | 3 | |
| Creature Carapace | 3 | |
| Flying Machine Bombs | 1 | |
| Gunpowder | 1 | |
| Plating | 1 | |
11 total
» buildings
| Graveyard | 1 | |
| Crypt | 1 | |
| Altar of Darkness | 1 | |
| Ziggurat | 9 | |
| Tomb of Relics | 1 | |
| Halls of the Dead | 1 | |
| Necropolis | 5 | |
| Nerubian Tower | 1 | |
| Spirit Tower | 2 | |
| Temple of the Damned | 2 | |
| Black Citadel | 2 | |
| Sacrificial Pit | 1 | |
| Boneyard | 2 | |
29 total
» build order
00:14 Graveyard
00:16 Crypt
00:52 Altar of Darkness
00:56 Ziggurat
01:36 Tomb of Relics
02:04 Ziggurat
03:59 Ziggurat
05:14 Halls of the Dead
05:20 Necropolis
05:22 Ziggurat
05:22 Ziggurat
06:32 Nerubian Tower
06:32 Ziggurat
06:34 Spirit Tower
08:01 Temple of the Damned
08:03 Black Citadel
08:04 Black Citadel
08:33 Sacrificial Pit
10:27 Boneyard
10:28 Boneyard
10:33 Ziggurat
10:35 Temple of the Damned
15:02 Necropolis
17:25 Spirit Tower
23:23 Necropolis
30:14 Necropolis
30:50 Necropolis
39:14 Ziggurat
39:15 Ziggurat
» items
| Rod of Necromancy | 2 | |
| Sacrificial Skull | 1 | |
| Orb of Corruption | 1 | |
| Scroll of Healing | 1 | |
| Potion of Healing | 1 | |
| Scroll of Town Portal | 4 | |
10 total
Knife]Noobelf (
green | 105 APM | 4337 actions | 41:19)
5 Archmage
3 Summon Water Elemental
2 Brilliance Aura
5 Mountain King
3 Storm Bolt
2 Bash
» actions
| Assign group hotkey | 261 | |
| Basic commands | 109 | |
| Build / train | 108 | |
| ESC pressed | 2 | |
| Enter build submenu | 34 | |
| Enter hero's abilities submenu | 11 | |
| Give item / drop item | 4 | |
| Remove unit from queue | 1 | |
| Right click | 1797 | |
| Select / deselect | 750 | |
| Select group hotkey | 1153 | |
| Use ability | 107 | |
4337 total
» units
| Peasant | 11 | |
| Footman | 3 | |
| Goblin Shredder | 2 | |
| Gryphon Rider | 11 | |
| Goblin Zeppelin | 10 | |
| Siege Engine | 8 | |
| Flying Machine | 30 | |
75 total
» upgrades
| Plating | 2 | |
| Flak Cannons | 2 | |
| Barrage | 1 | |
| Storm Hammers | 1 | |
| Gunpowder | 2 | |
| Flying Machine Bombs | 1 | |
9 total
» buildings
| Lumber Mill | 1 | |
| Altar of Kings | 1 | |
| Farm | 17 | |
| Barracks | 1 | |
| Keep | 2 | |
| Town Hall | 4 | |
| Blacksmith | 1 | |
| Castle | 2 | |
| Gryphon Aviary | 2 | |
| Workshop | 3 | |
| Arcane Vault | 2 | |
36 total
» build order
00:09 Lumber Mill
00:20 Altar of Kings
00:34 Farm
00:56 Barracks
01:14 Farm
01:51 Farm
02:49 Keep
02:49 Keep
04:09 Town Hall
04:18 Blacksmith
05:23 Castle
05:58 Gryphon Aviary
06:01 Gryphon Aviary
06:26 Workshop
06:57 Farm
07:23 Farm
07:33 Workshop
07:34 Farm
08:01 Farm
08:42 Farm
09:03 Farm
09:45 Workshop
11:05 Town Hall
11:47 Farm
11:48 Farm
13:14 Arcane Vault
19:09 Farm
19:10 Farm
22:59 Farm
23:00 Farm
23:00 Farm
25:19 Town Hall
32:20 Town Hall
32:40 Farm
35:34 Arcane Vault
» items
| Scroll of Town Portal | 2 | |
| Scroll of Healing | 1 | |
3 total

»
OfficerDoofy. (
blue | 95 APM | 3943 actions | 41:19)
6 Death Knight
3 Death Coil
2 Unholy Aura
1 Death Pact
3 Lich
2 Frost Nova
1 Frost Armor
4 Dreadlord
2 Sleep
2 Carrion Swarm
» actions
| Assign group hotkey | 47 | |
| Basic commands | 27 | |
| Build / train | 117 | |
| Enter build submenu | 23 | |
| Enter hero's abilities submenu | 13 | |
| Give item / drop item | 5 | |
| Remove unit from queue | 5 | |
| Right click | 1603 | |
| Select / deselect | 728 | |
| Select group hotkey | 1232 | |
| Use ability | 143 | |
3943 total
» units
| Acolyte | 11 | |
| Ghoul | 2 | |
| Crypt Fiend | 6 | |
| Goblin Shredder | 1 | |
| Goblin Zeppelin | 9 | |
| Obsidian Statue | 3 | |
| Frost Wyrm | 2 | |
| Banshee | 2 | |
| Gargoyle | 4 | |
40 total
» upgrades
| Creature Attack | 3 | |
| Web | 1 | |
| Burrow | 1 | |
| Banshee Training | 2 | |
| Freezing Breath | 1 | |
| Destroyer Form | 0 | |
| Creature Carapace | 2 | |
| Ghoul Frenzy | 0 | |
10 total
» buildings
| Graveyard | 1 | |
| Crypt | 3 | |
| Altar of Darkness | 1 | |
| Ziggurat | 10 | |
| Tomb of Relics | 3 | |
| Nerubian Tower | 2 | |
| Halls of the Dead | 4 | |
| Spirit Tower | 6 | |
| Necropolis | 2 | |
| Black Citadel | 2 | |
| Temple of the Damned | 1 | |
| Sacrificial Pit | 1 | |
| Slaughterhouse | 1 | |
| Boneyard | 2 | |
39 total
» build order
00:21 Graveyard
00:23 Crypt
00:44 Altar of Darkness
01:00 Ziggurat
01:38 Tomb of Relics
02:03 Ziggurat
04:21 Ziggurat
05:00 Nerubian Tower
05:11 Ziggurat
05:37 Nerubian Tower
06:20 Halls of the Dead
06:20 Halls of the Dead
06:27 Spirit Tower
06:31 Necropolis
07:09 Ziggurat
07:26 Ziggurat
07:47 Spirit Tower
07:49 Ziggurat
08:54 Black Citadel
08:54 Black Citadel
09:24 Temple of the Damned
09:26 Sacrificial Pit
09:30 Slaughterhouse
09:33 Spirit Tower
09:35 Ziggurat
11:22 Boneyard
11:23 Boneyard
12:18 Crypt
12:19 Crypt
12:58 Spirit Tower
12:58 Spirit Tower
21:47 Tomb of Relics
24:35 Ziggurat
24:36 Ziggurat
25:09 Tomb of Relics
27:37 Necropolis
36:30 Halls of the Dead
36:31 Halls of the Dead
» items
| Rod of Necromancy | 3 | |
| Sacrificial Skull | 2 | |
| Potion of Healing | 2 | |
| Potion of Mana | 1 | |
| Orb of Corruption | 2 | |
| Scroll of Town Portal | 9 | |
| Scroll of Healing | 1 | |
20 total

»
SDFWESDER (
orange | 86 APM | 1190 actions | 13:49)
4 Archmage
2 Summon Water Elemental
2 Brilliance Aura
» actions
| Assign group hotkey | 32 | |
| Basic commands | 1 | |
| Build / train | 81 | |
| ESC pressed | 1 | |
| Enter build submenu | 29 | |
| Enter hero's abilities submenu | 4 | |
| Give item / drop item | 3 | |
| Right click | 528 | |
| Select / deselect | 239 | |
| Select group hotkey | 202 | |
| Use ability | 70 | |
1190 total
» units
| Peasant | 16 | |
| Footman | 14 | |
| Goblin Shredder | 1 | |
| Goblin Zeppelin | 3 | |
| Siege Engine | 1 | |
35 total
» upgrades
| Defend | 1 | |
| Masonry | 2 | |
| Lumber Harvesting | 1 | |
| Gunpowder | 2 | |
| Plating | 2 | |
| Barrage | 1 | |
9 total
» buildings
| Altar of Kings | 1 | |
| Farm | 8 | |
| Barracks | 1 | |
| Lumber Mill | 1 | |
| Town Hall | 1 | |
| Arcane Vault | 1 | |
| Scout Tower | 10 | |
| Guard Tower | 15 | |
| Keep | 1 | |
| Blacksmith | 1 | |
| Castle | 4 | |
| Workshop | 5 | |
49 total
» build order
00:16 Altar of Kings
00:25 Farm
00:41 Barracks
00:57 Farm
01:35 Lumber Mill
03:20 Farm
03:56 Farm
04:46 Town Hall
04:48 Arcane Vault
04:52 Scout Tower
04:53 Scout Tower
05:00 Scout Tower
05:22 Guard Tower
05:23 Scout Tower
05:25 Scout Tower
05:26 Guard Tower
05:37 Guard Tower
05:55 Guard Tower
06:31 Keep
07:17 Scout Tower
07:19 Scout Tower
07:23 Scout Tower
07:38 Scout Tower
07:43 Farm
07:52 Guard Tower
07:52 Guard Tower
08:09 Guard Tower
08:40 Guard Tower
09:08 Blacksmith
09:12 Scout Tower
09:15 Castle
09:15 Castle
09:15 Castle
09:41 Guard Tower
09:41 Guard Tower
10:48 Workshop
10:49 Workshop
10:51 Workshop
10:53 Farm
10:54 Farm
10:55 Farm
12:11 Workshop
12:13 Workshop
» items
| Scroll of Regeneration | 3 | |
| Lesser Clarity Potion | 1 | |
| Potion of Lesser Invulnerability | 1 | |
| Scroll of Town Portal | 1 | |
6 total
team 2 (loser)
JERRYBOT (
yellow | 128 APM | 5285 actions | 41:19)
4 Archmage
2 Summon Water Elemental
2 Brilliance Aura
4 Mountain King
2 Storm Bolt
2 Bash
3 Paladin
2 Holy Light
1 Divine Shield
» actions
| Assign group hotkey | 125 | |
| Basic commands | 127 | |
| Build / train | 155 | |
| ESC pressed | 2 | |
| Enter build submenu | 60 | |
| Enter hero's abilities submenu | 11 | |
| Give item / drop item | 3 | |
| Right click | 2264 | |
| Select / deselect | 869 | |
| Select group hotkey | 1490 | |
| Use ability | 178 | |
5285 total
» units
| Peasant | 36 | |
| Footman | 6 | |
| Flying Machine | 10 | |
| Gryphon Rider | 3 | |
| Mortar Team | 7 | |
| Goblin Zeppelin | 5 | |
| Siege Engine | 2 | |
| Dragonhawk Rider | 1 | |
70 total
» upgrades
| Masonry | 3 | |
| Gunpowder | 3 | |
| Plating | 3 | |
| Defend | 1 | |
| Animal War Training | 1 | |
| Flak Cannons | 1 | |
| Fragmentation Shards | 1 | |
| Armor | 4 | |
| Barrage | 1 | |
| Flying Machine Bombs | 1 | |
| Storm Hammers | 1 | |
| Lumber Harvesting | 2 | |
| Cloud | 1 | |
| Swords | 2 | |
| Flare | 1 | |
26 total
» buildings
| Lumber Mill | 1 | |
| Farm | 18 | |
| Altar of Kings | 3 | |
| Barracks | 1 | |
| Scout Tower | 24 | |
| Arcane Vault | 2 | |
| Arcane Tower | 1 | |
| Guard Tower | 8 | |
| Blacksmith | 1 | |
| Keep | 3 | |
| Workshop | 5 | |
| Town Hall | 4 | |
| Castle | 2 | |
| Gryphon Aviary | 3 | |
76 total
» build order
00:20 Lumber Mill
00:34 Farm
01:05 Altar of Kings
01:25 Barracks
01:35 Scout Tower
01:36 Scout Tower
01:52 Farm
01:58 Arcane Vault
02:11 Farm
02:57 Farm
03:04 Arcane Tower
03:06 Guard Tower
03:19 Farm
03:19 Farm
03:40 Blacksmith
03:53 Keep
03:53 Keep
03:53 Keep
04:03 Farm
04:23 Farm
05:06 Farm
05:07 Farm
05:09 Farm
05:09 Farm
06:27 Workshop
07:23 Town Hall
07:25 Scout Tower
07:25 Scout Tower
07:26 Scout Tower
07:26 Scout Tower
07:27 Scout Tower
07:28 Scout Tower
07:55 Guard Tower
08:38 Guard Tower
08:53 Scout Tower
08:53 Scout Tower
09:09 Scout Tower
09:10 Scout Tower
09:10 Scout Tower
09:23 Guard Tower
09:37 Guard Tower
10:02 Guard Tower
11:16 Castle
11:23 Scout Tower
11:24 Scout Tower
11:34 Scout Tower
12:41 Workshop
12:59 Gryphon Aviary
13:38 Farm
13:39 Farm
14:23 Arcane Vault
15:25 Workshop
16:36 Farm
17:31 Workshop
18:24 Farm
18:25 Farm
20:59 Town Hall
21:02 Scout Tower
21:03 Scout Tower
21:03 Scout Tower
21:03 Scout Tower
21:05 Scout Tower
21:05 Scout Tower
21:06 Scout Tower
21:06 Scout Tower
21:36 Guard Tower
22:57 Workshop
23:19 Guard Tower
25:19 Gryphon Aviary
25:30 Town Hall
26:46 Gryphon Aviary
37:05 Altar of Kings
38:13 Altar of Kings
39:00 Farm
39:44 Town Hall
» items
| Scroll of Regeneration | 2 | |
| Potion of Healing | 3 | |
| Lesser Clarity Potion | 1 | |
| Staff of Sanctuary | 1 | |
| Scroll of Town Portal | 4 | |
11 total
JONBOT (
red | 58 APM | 2402 actions | 41:17)
4 Blademaster
2 Wind Walk
2 Critical Strike
3 Shadow Hunter
1 Hex
2 Healing Wave
5 Tauren Chieftain
3 Endurance Aura
2 War Stomp
» actions
| Assign group hotkey | 198 | |
| Build / train | 84 | |
| Enter build submenu | 10 | |
| Enter hero's abilities submenu | 12 | |
| Give item / drop item | 2 | |
| Remove unit from queue | 4 | |
| Right click | 1216 | |
| Select / deselect | 431 | |
| Select group hotkey | 341 | |
| Use ability | 104 | |
2402 total
» units
| Peon | 9 | |
| Troll Batrider | 24 | |
| Goblin Zeppelin | 2 | |
35 total
» upgrades
| Liquid Fire | 1 | |
| Ranged Weapons | 2 | |
3 total
» buildings
| Altar of Storms | 1 | |
| Orc Burrow | 4 | |
| War Mill | 1 | |
| Voodoo Lounge | 1 | |
| Stronghold | 3 | |
| Beastiary | 2 | |
| Fortress | 2 | |
| Great Hall | 1 | |
15 total
» build order
00:08 Altar of Storms
00:20 Orc Burrow
00:53 War Mill
01:49 Voodoo Lounge
02:16 Stronghold
02:17 Stronghold
04:40 Beastiary
04:43 Beastiary
04:44 Fortress
04:48 Orc Burrow
05:24 Orc Burrow
06:25 Orc Burrow
19:43 Great Hall
» items
| Healing Salve | 2 | |
| Lesser Clarity Potion | 3 | |
| Scroll of Town Portal | 5 | |
| Orb of Fire | 1 | |
| Potion of Healing | 1 | |
| Orb of Lightning | 1 | |
| Tiny Great Hall | 1 | |
| Claws of Attack +12 | 1 | |
| Potion of Lesser Invulnerability | 1 | |
| Boots of Speed | 1 | |
| Scroll of Healing | 1 | |
18 total
MANNERS-CRAFT (
pink | 85 APM | 3508 actions | 41:09)
6 Archmage
3 Summon Water Elemental
2 Brilliance Aura
1 Mass Teleport
6 Mountain King
3 Storm Bolt
2 Bash
1 Avatar
7 Paladin
3 Holy Light
3 Divine Shield
1 Devotion Aura
» actions
| Assign group hotkey | 37 | |
| Build / train | 77 | |
| Enter build submenu | 28 | |
| Enter hero's abilities submenu | 19 | |
| Give item / drop item | 7 | |
| Remove unit from queue | 4 | |
| Right click | 1604 | |
| Select / deselect | 567 | |
| Select group hotkey | 997 | |
| Use ability | 168 | |
3508 total
» units
| Peasant | 11 | |
| Gryphon Rider | 7 | |
| Goblin Zeppelin | 2 | |
| Dragonhawk Rider | 4 | |
24 total
» upgrades
| Masonry | 3 | |
| Lumber Harvesting | 2 | |
| Storm Hammers | 1 | |
| Armor | 3 | |
| Swords | 3 | |
| Cloud | 1 | |
| Animal War Training | 1 | |
14 total
» buildings
| Altar of Kings | 1 | |
| Farm | 18 | |
| Lumber Mill | 1 | |
| Keep | 3 | |
| Arcane Vault | 1 | |
| Castle | 1 | |
| Gryphon Aviary | 2 | |
| Town Hall | 3 | |
| Blacksmith | 1 | |
| Barracks | 1 | |
32 total
» build order
00:08 Altar of Kings
00:23 Farm
01:25 Farm
01:53 Lumber Mill
02:09 Keep
02:10 Keep
02:10 Keep
03:29 Arcane Vault
04:33 Castle
04:54 Gryphon Aviary
04:58 Gryphon Aviary
05:50 Farm
05:53 Farm
06:59 Farm
07:01 Farm
09:07 Farm
09:24 Town Hall
10:33 Farm
11:16 Farm
11:21 Blacksmith
12:55 Barracks
27:35 Town Hall
35:10 Town Hall
37:03 Farm
38:47 Farm
38:49 Farm
38:50 Farm
38:51 Farm
38:53 Farm
38:54 Farm
38:55 Farm
38:57 Farm
» items
| Staff of Sanctuary | 2 | |
| Orb of Fire | 1 | |
| Boots of Speed | 1 | |
| Scroll of Town Portal | 4 | |
| Scroll of Regeneration | 1 | |
9 total
MCDONALDSBOT (
teal | 59 APM | 2413 actions | 41:13)
4 Archmage
2 Summon Water Elemental
2 Brilliance Aura
3 Mountain King
2 Storm Bolt
1 Bash
2 Paladin
1 Holy Light
1 Divine Shield
» actions
| Assign group hotkey | 29 | |
| Basic commands | 25 | |
| Build / train | 85 | |
| Enter build submenu | 47 | |
| Enter hero's abilities submenu | 9 | |
| Right click | 1281 | |
| Select / deselect | 562 | |
| Select group hotkey | 219 | |
| Use ability | 156 | |
2413 total
» units
| Peasant | 17 | |
| Goblin Shredder | 2 | |
| Flying Machine | 28 | |
| Goblin Zeppelin | 4 | |
| Mortar Team | 2 | |
53 total
» upgrades
| Masonry | 2 | |
| Lumber Harvesting | 1 | |
| Gunpowder | 1 | |
| Plating | 1 | |
| Flying Machine Bombs | 1 | |
| Flak Cannons | 1 | |
| Fragmentation Shards | 1 | |
8 total
» buildings
| Farm | 20 | |
| Altar of Kings | 3 | |
| Lumber Mill | 1 | |
| Keep | 4 | |
| Scout Tower | 2 | |
| Blacksmith | 1 | |
| Guard Tower | 1 | |
| Arcane Vault | 2 | |
| Workshop | 8 | |
| Castle | 1 | |
| Town Hall | 4 | |
47 total
» build order
00:13 Farm
00:20 Altar of Kings
00:24 Lumber Mill
01:49 Farm
02:13 Keep
02:13 Keep
04:51 Scout Tower
04:53 Scout Tower
05:10 Blacksmith
05:28 Guard Tower
05:30 Farm
05:30 Farm
06:02 Arcane Vault
06:26 Workshop
06:30 Workshop
06:32 Workshop
06:48 Castle
07:16 Workshop
07:36 Farm
07:55 Farm
08:32 Town Hall
12:11 Town Hall
17:56 Altar of Kings
17:57 Workshop
17:58 Workshop
18:01 Workshop
18:06 Workshop
18:07 Keep
18:10 Arcane Vault
19:47 Farm
19:48 Farm
20:06 Farm
20:10 Farm
20:13 Farm
21:13 Altar of Kings
22:27 Farm
22:28 Farm
22:30 Farm
22:31 Farm
23:10 Farm
27:14 Town Hall
33:09 Town Hall
35:07 Farm
35:10 Farm
35:12 Keep
36:47 Farm
40:26 Farm
» items
| Staff of Sanctuary | 2 | |
| Orb of Fire | 1 | |
| Scroll of Town Portal | 2 | |
| Orb of Lightning | 1 | |
6 total
Chat log
(00:05 / Allies) SDFWESDER: swet fucking map
(00:07 / Allies) OfficerDoofy.: ....
(00:09 / All) MANNERS-CRAFT: HI AGAIN
(00:10 / All) MANNERS-CRAFT: LOL
(00:11 / Allies) Knife]Noobelf: rofl
(00:19 / Allies) SDFWESDER: im not playing this shit
(00:20 / Allies) boli: yea
(00:21 / Allies) boli: tbh
(00:22 / Allies) Knife]Noobelf: you are
(00:25 / Allies) boli: i dont wanna sit thru this
(00:27 / Allies) SDFWESDER: okay
(00:29 / Allies) SDFWESDER: 4 hour game
(00:32 / Allies) SDFWESDER: on hurricane
(00:33 / Allies) SDFWESDER: for a loss
(00:34 / Allies) OfficerDoofy.: vs hacks
(00:40 / Allies) Knife]Noobelf: dont make me control your shit please
(00:45 / All) MCDONALDSBOT: SUP
(00:46 / All) MCDONALDSBOT: SDFWESDER
(00:46 / Allies) SDFWESDER: dude we dont have a orc
(00:47 / All) MCDONALDSBOT: RDY FOR
(00:48 / All) MCDONALDSBOT: LOSS #2
(00:50 / All) MCDONALDSBOT: LOL
(00:50 / All) MANNERS-CRAFT: LOL
(00:51 / Allies) SDFWESDER: they're going to mass gyro and rape us
(00:52 / All) MCDONALDSBOT: 6-50 NOW?
(00:53 / All) MCDONALDSBOT: HAHAHAHHAA
(01:02 / All) SDFWESDER: you guys are hilarious
(01:10 / Allies) Knife]Noobelf: mass gyro vs mass tank, good plan
(01:15 / All) MCDONALDSBOT: HEY
(01:17 / All) MCDONALDSBOT: NIGGER
(01:17 / Allies) boli: we should feed
(01:19 / Allies) boli: for a tank drop
(01:19 / All) MCDONALDSBOT: ?
(01:30 / All) SDFWESDER: you're an idiot and i dont see why i keep talking to your morons
(01:34 / All) MANNERS-CRAFT: LOL
(01:35 / All) JONBOT: LOL
(01:35 / All) MANNERS-CRAFT: U MAD?
(01:37 / All) MCDONALDSBOT: LOL
(01:38 / All) MCDONALDSBOT: HES MAD
(01:38 / Allies) Knife]Noobelf: squelch them idiot
(01:40 / All) MCDONALDSBOT: HES GONNA
(01:41 / All) MCDONALDSBOT: BREAK HIS GLASSES
(01:42 / All) MCDONALDSBOT: SOON
(01:43 / All) MCDONALDSBOT: LOL
(01:46 / All) MANNERS-CRAFT: LOL
(01:47 / All) SDFWESDER: i have contacts lol
(01:55 / All) MCDONALDSBOT: KEEP THIS BEHAVIOR UP
(01:57 / All) MANNERS-CRAFT: HAHAHAHAH
(02:01 / All) MCDONALDSBOT: AND UR MOM WONT LET U GO TO THE STAR TREK CONVENTION
(02:03 / All) MCDONALDSBOT: YOUNG MAN
(02:04 / All) MCDONALDSBOT: LOL
(02:10 / All) SDFWESDER: she better
(02:19 / All) SDFWESDER: i wanna see you guys
(02:31 / All) MCDONALDSBOT: U SEE ME?
(02:48 / All) SDFWESDER: at the convention moron
(02:50 / All) SDFWESDER: stay in school
(02:58 / Allies) Knife]Noobelf: will they tower their mains you think?
(03:00 / All) MCDONALDSBOT: SO LAST GAME
(03:05 / All) MCDONALDSBOT: THE LOSING TEAM
(03:06 / Allies) SDFWESDER: probably straight teching
(03:08 / All) MCDONALDSBOT: TOLD THE WINNING TEAM
(03:09 / All) MCDONALDSBOT: HMMM
(03:10 / Allies) OfficerDoofy.: scout with reveal
(03:10 / All) JONBOT: LOL
(03:11 / Allies) OfficerDoofy.: and find out
(03:13 / All) MCDONALDSBOT: TO LEAVE?
(03:14 / All) MCDONALDSBOT: HMMM
(03:15 / All) MCDONALDSBOT: LOL
(03:15 / All) MANNERS-CRAFT: YEAH
(03:17 / All) MANNERS-CRAFT: THAT SEEMS
(03:19 / All) MANNERS-CRAFT: SMART
(03:22 / All) MANNERS-CRAFT: WE CALL THE SHOTS
(03:23 / All) MCDONALDSBOT: INTERESTING
(03:24 / All) MCDONALDSBOT: CONCEPT
(03:24 / All) MANNERS-CRAFT: SORRY KIDS
(03:26 / Allies) SDFWESDER: see
(03:27 / All) MCDONALDSBOT: LOL
(03:45 / Allies) Knife]Noobelf: just hit with feinds when zep is up
(03:53 / Allies) Knife]Noobelf: can prolly do some damage
(03:54 / Allies) OfficerDoofy.: k
(05:05 / Allies) SDFWESDER: gonna defend push some idiot
(05:10 / Allies) SDFWESDER: but i bet i get batted over the water lol
(05:41 / All) MCDONALDSBOT: IF U LOST AND U KNOW IT CLAP UR HANDS (GO AHEAD JAMAL)
(05:45 / All) MANNERS-CRAFT: LOL
(05:53 / All) MCDONALDSBOT: IF U LOST AND U KNOW IT CLAP UR HANDS (DONT BE SHY BOYS_
(06:14 / Allies) Knife]Noobelf: you guys need to learn to expo while teching
(06:43 / Allies) boli: wat does
(06:44 / Allies) boli: ud go
(06:47 / Allies) boli: vs 3 hu?
(06:51 / Allies) SDFWESDER: frost duh
(07:03 / Allies) boli: i was just gonna go frost banshee :)
(07:09 / Allies) Knife]Noobelf: yep
(07:18 / All) MANNERS-CRAFT: JAMAL HAS 1,500 FRIENDS ON FACEBOOK, BUT NOT 1 FRIEND IN REAL LIFE
(07:20 / All) MANNERS-CRAFT: LOL
(07:26 / All) MCDONALDSBOT: LOL
(09:34 / Allies) SDFWESDER: knfie
(09:36 / Allies) SDFWESDER: come red with me plz
(10:10 / Allies) SDFWESDER: ok this is dumb
(10:51 / All) MANNERS-CRAFT: SENTRY WARDS
(10:55 / All) MANNERS-CRAFT: WONT BE NEEDING THOSE
(10:56 / All) MANNERS-CRAFT: CHA CHING
(12:39 / Allies) SDFWESDER: just take all the islands
(13:21 / Allies) Knife]Noobelf: tanks at your main purp and blue
(13:23 / Allies) Knife]Noobelf: 1 each for now
(13:47 / Allies) SDFWESDER: ok wtf
(13:49 / All) MCDONALDSBOT: HAHAHA
(13:50 / All) MANNERS-CRAFT: LOL
(14:02 / All) MANNERS-CRAFT: WHO CALLS
(14:05 / Allies) OfficerDoofy.: tp to u with zepps?
(14:07 / All) MANNERS-CRAFT: "NOT IT"
(14:08 / All) MANNERS-CRAFT: LOL
(14:09 / Allies) Knife]Noobelf: yea
(14:13 / All) JONBOT: LOL
(14:57 / Allies) Knife]Noobelf: come
(14:58 / Allies) Knife]Noobelf: now
(15:20 / Allies) Knife]Noobelf: COME
(16:01 / Allies) boli: need
(17:38 / Allies) OfficerDoofy.: should i save?
(17:42 / Allies) boli: someone
(17:58 / Allies) Knife]Noobelf: fuck
(23:25 / Allies) OfficerDoofy.: ?
(26:09 / Allies) OfficerDoofy.: fuck
(27:32 / Allies) Knife]Noobelf: try and meet
(27:39 / Allies) boli: we should do yellow
(27:49 / Allies) Knife]Noobelf: nice opening
(28:12 / Allies) boli: griffs
(29:02 / Allies) OfficerDoofy.: go
(30:58 / Allies) boli: knife
(31:00 / Allies) boli: lets go
(31:28 / Allies) boli: keep going
(32:41 / Allies) OfficerDoofy.: just control midd noiw
(32:44 / Allies) OfficerDoofy.: and its over
(32:59 / All) MCDONALDSBOT: NOOBS
(33:00 / All) MCDONALDSBOT: LEAVE
(35:29 / Allies) boli: quick build shop
(36:09 / Allies) boli: omw
(36:10 / Allies) boli: sec
(36:15 / Allies) boli: zz
(36:19 / Allies) boli: not tier 2
(39:14 / Allies) OfficerDoofy.: should we try to expo mid?
(39:41 / Allies) OfficerDoofy.: k
(41:03 / All) MANNERS-CRAFT: MY TEAM SUCKS
(41:06 / All) MANNERS-CRAFT: AND I GOT FIRST PLACE
(41:15 / Allies) boli: LOL